 Dungeon Crawl Stone Soup version 0.28.0-43-g3370ac3207 (webtiles) character file.

Game seed: 13742414577296116393

90 crimpus the Shooter (level 4, -1/36 HPs)
             Began as a Demigod Hunter on Mar 25, 2022.
             Succumbed to an adder's poison
             ... on level 3 of the Dungeon.
             The game lasted 00:04:13 (2174 turns).

crimpus the Shooter (Demigod Hunter)                Turns: 2174, Time: 00:04:14

Health: -1/36      AC: 13    Str: 19    XL:     4   Next: 11%
Magic:  6/6        EV: 10    Int: 13    God:
Gold:   94         SH:  0    Dex: 18    Spells: 3/3 levels left

rFire   . . .      SeeInvis .   k - +0 mace (protect)
rCold   . . .      Faith    .   (no shield)
rNeg    . . .      Spirit   .   h - +0 scale mail
rPois   .          Reflect  .   (no helmet)
rElec   .          Harm     .   (no cloak)
rCorr   .          Rampage  .   (no gloves)
Will    .....                   (no boots)
Stlth   +.........              (no amulet)
HPRegen 0.12/turn               f - +6 ring of strength
MPRegen 0.10/turn               (no ring)

@: lethally poisoned (-1 -> -6), under a protective aura
A: high MP 1, forlorn, divine attributes
a: no special abilities


You were on level 3 of the Dungeon.
You visited 1 branch of the dungeon, and saw 3 of its levels.

You collected 94 gold pieces.

Inventory:

Hand Weapons
 a - a +1 shortbow
 b - a +0 short sword
 k - a +0 mace of protection (weapon)
Missiles
 i - 44 stones
Armour
 c - a +0 leather armour
 h - a +0 scale mail (worn)
Jewellery
 f - a +6 ring of strength (left hand)
Scrolls
 e - 2 scrolls of identify
Potions
 g - a potion of brilliance
 j - a potion of invisibility


   Skills:
 + Level 2.1 Fighting
 + Level 4.9 Bows
 + Level 0.4 Armour
 + Level 2.0 Dodging
 + Level 1.1 Stealth


You had 3 spell levels left.
You didn't know any spells.
Your spell library contained the following spells:

 Spells                   Type           Power      Damage    Failure   Level
 Beastly Appendage        Tmut           0%         N/A       69%         1
 Wereblood                Tmut           0%         N/A       83%         2
 Spider Form              Tmut/Pois      0%         N/A       96%         3


Dungeon Overview and Level Annotations

Branches:
Dungeon (3/15)

Shops:
D:3 (:

Annotations:
D:2 1 runed translucent door, Crazy Yiuf


Innate Abilities, Weirdness & Mutations

You have an increased reservoir of magic. (+10% MP)
You shall have no god before yourself.
Your divine heritage dramatically boosts your attributes as you level up.


Message History

Your weapon exudes an aura of protection.
The adder is moderately wounded.
The adder bites you. The adder bites you but does no damage.
You barely miss the adder.
The adder is moderately wounded.
The adder bites you.
You are poisoned.
The adder poisons you! The adder bites you.
You barely miss the adder.
The adder is moderately wounded.
You feel very sick.
The adder bites you but does no damage. x2
You barely miss the adder.
The adder is moderately wounded.
You feel sick. The adder bites you.
* * * LOW HITPOINT WARNING * * *
The adder bites you but does no damage.
You closely miss the adder.
The adder is moderately wounded.
You feel sick. The adder bites you but does no damage.
You closely miss the adder.
The adder is moderately wounded.
You feel sick. The adder bites you but does no damage. The adder bites you.
* * * LOW HITPOINT WARNING * * *
You are lethally poisoned!
The adder poisons you!
You thump the adder!
Your weapon exudes an aura of protection.
You punch the adder, but do no damage.
The adder is almost dead.
* * * LOW HITPOINT WARNING * * *
You feel very sick.
The adder bites you but does no damage. x2
You sock the adder!
You kill the adder!
* * * LOW HITPOINT WARNING * * *
You feel sick. The hobgoblin misses you.
You hit the hobgoblin.
You kill the hobgoblin!
You die...

.........# .#
.........#####.###........
.................#........
......⌠.⌠........#......(.
.......∩.........#..(()((.
......⌠.⌠........#...(....
........^........#.(......
.................#).......
.........###....@†).....(.
########## #.†..####.####.
#....# # #....# #..8.#
#..†.# #..∩.# #....#
#..<.#


There were no monsters in sight!

Vanquished Creatures
  Terence (D:1)
  An adder (D:3)
  A gnoll (D:1)
  An ufetubus (D:3)
  3 orcs (D:3)
  5 bats (D:2)
  An endoplasm (D:1)
  2 giant cockroaches (D:1)
  A goblin (D:1)
  3 hobgoblins
  9 jackals
  2 kobolds (D:1)
  A quokka (D:1)
  2 ball pythons
  6 rats
39 creatures vanquished.

Notes
Turn   | Place    | Note
-------+----------+-------------------------------------------
     0 | D:1      | crimpus the Demigod Hunter began the quest for the Orb.
     0 | D:1      | Reached XP level 1. HP: 17/17 MP: 3/3
   157 | D:1      | Reached skill level 4 in Bows
   157 | D:1      | Reached XP level 2. HP: 24/24 MP: 4/4
  1086 | D:2      | Noticed Terence
  1100 | D:1      | Killed Terence
  1101 | D:1      | Reached XP level 3. HP: 17/29 MP: 5/5
  1645 | D:2      | Found a runed translucent door.
  1646 | D:2      | Noticed Crazy Yiuf
  2029 | D:3      | Found Muxok's Weapon Shop.
  2057 | D:3      | Found Yschanam's Book Shoppe.
  2134 | D:3      | Reached skill level 1 in Stealth
  2142 | D:3      | Reached XP level 4. HP: 19/36 MP: 6/6
  2173 | D:3      | HP: 1/36 [poisoned by an adder]
  2174 | D:3      | Succumbed to an adder's poison

Illustrated notes

Levels and vault maps discovered:
D:1:      lemuel_arrival_muddy, layout_basic,
          hellmonk_ecumenical_altar_crossroads, serial_corexii_hall,
          corexii_hall_statues_s, chequers_hall_statues_wall_a
D:2:      layout_basic, minmay_misc_feat_tower, uniq_crazy_yiuf_cottage,
          uniq_terence
D:3:      layout_basic, serial_shops, shop_statue, shop_statue, shop_fountains,
          nicolae_shop_advertising_works [nicolae_subvault_shop_adworks], shop,
          kennysheep_generic_room_7

Skill      XL: |  1  2  3 |
---------------+----------+-----
Bows           | 4 |  4.9
Dodging        | 2 |  2.0
Fighting       | 2 |  2.1
Stealth        | 1 |  1.1
Armour         | |  0.4

Action                   |  1- 3 |  4- 6 || total
-------------------------+-------+-------++-------
Melee: Mace              |     8 |    11 ||    19
       Punch             |       |     1 ||     1
 Fire: Shortbow          |    95 |       ||    95
  Use: Scroll            |     4 |       ||     4
Armor: Scale mail        |    22 |    10 ||    32
Dodge: Dodged            |    40 |     2 ||    42
